Cogmind - Beta 14 *** ADVENTURER MODE // 2024.10.02 @ 10:53:13 // Winter2019/RPGLIKE Player: Gallgagger Result: Self-destructed Performance ------------- Evolutions (0) 0 Regions Visited (4) 800 Robots Destroyed (50) 250 Value Destroyed (1448) 1448 Prototype IDs (4) 80 Alien Tech Used (0) 0 Bonus (25) 25 TOTAL SCORE: 2603 Bonus ------- Follower Combat Kills 25 Cogmind --------- Core Integrity 296/600 Matter 278/300 Energy 250/250 System Corruption 2% Temperature Cool (0) Movement Flying (40) Location -7/Recycling Parts ------- > --- POWER (2) -------- Ion Engine Subdweller Power Source > --- PROPULSION (4) --- Flightbrick > --- UTILITY (2+3) ---- Subdweller Optics Makeshift Light Armor Plating > --- WEAPON (2) ------- Subdweller Beam Cannon Makeshift Sword > --- INVENTORY (2) ---- Splice Drone Bay (6/6) Barrage Gun Peak State ------------ > --- POWER ------------ Ion Engine Subdweller Power Source > --- PROPULSION ------- Flightbrick > --- UTILITY ---------- Subdweller Optics Makeshift Light Armor Plating > --- WEAPON ----------- Subdweller Beam Cannon Makeshift Sword > --- INVENTORY -------- Splice Drone Bay Barrage Gun [Rating: 52] Favorites ----------- Power Ion Engine Engine Ion Engine Propulsion Flight Unit Wheel Wheel Flight Unit Flight Unit Utility Makeshift Light Armor Plating Device Subdweller Optics Protection Makeshift Light Armor Plating Weapon Hammer Energy Gun EM Pulse Gun Energy Cannon Subdweller Beam Cannon Ballistic Gun Assault Rifle Impact Weapon Hammer Slashing Weapon Makeshift Sword Build | -11 -10 -10 -10 -7 ------- Run | Yrd Mat Min Sub Rec Slots Evolved 6 | 4 . 1 1 . Power 1 | 1 . . . . Propulsion 3 | 1 . 1 1 . Utility 1 | 1 . . . . Weapon 1 | 1 . . . . Parts Attached 25 | 8 4 3 10 . Power 4 | 2 . . 2 . Engine 4 | 2 . . 2 . Core . | . . . . . Reactor . | . . . . . Propulsion 8 | 2 3 2 1 . Treads . | . . . . . Leg . | . . . . . Wheel 2 | 2 . . . . Hover . | . . . . . Flight 6 | . 3 2 1 . Utility 5 | . . 1 4 . Device 2 | . . 1 1 . Storage . | . . . . . Processor . | . . . . . Hackware . | . . . . . Protection 3 | . . . 3 . Artifact . | . . . . . Weapon 8 | 4 1 . 3 . Energy Gun 1 | 1 . . . . Energy Cannon 1 | . . . 1 . Ballistic Gun 4 | 3 . . 1 . Ballistic Cannon . | . . . . . Launcher . | . . . . . Special Weapon . | . . . . . Impact Weapon 1 | . 1 . . . Slashing Weapon 1 | . . . 1 . Piercing Weapon . | . . . . . Special Melee Weapon . | . . . . . Unidentified Prototypes 2 | . . 1 1 . Corrupted Parts 1 | . 1 . . . System Corruption 2 | . 2 . . . Parts Lost 2 | . . 1 1 . Power 1 | . . . 1 . Propulsion 1 | . . 1 . . Utility . | . . . . . Weapon . | . . . . . Highest Loss Streak 1 | . . 1 1 . To Critical Strikes . | . . . . . Average Slot Usage (%) 66 | . 75 74 60 . Engine 19 | . 25 24 16 . Wheel 1 | . 8 . . . Flight 15 | . 16 26 11 . Device 3 | . . . 6 . Protection 4 | . . . 7 . Energy Cannon 3 | . . . 5 . Ballistic Gun 6 | . 14 11 2 . Impact Weapon 6 | . 9 11 3 . Slashing Weapon 2 | . . . 4 . Peak Build Rating 52 | 6 6 13 52 . Average Rating 28 | 5 5 6 44 . On Entrance 14 | . 6 6 7 52 Naked Turns . | . . . . . Heaviest Build 26 | 11 12 12 26 . Greatest Support 34 | 20 20 22 34 . Greatest Overweight (x) 3 | . 3 . . . Average Overweight (x) . | . . . . . Largest Inventory Capacity 2 | . . 1 2 . Average Capacity 1 | . . . 1 . Most Carried 2 | . . 1 2 . Average Carried 1 | . . . 1 . Final Capacity 2 | . . 1 2 2 Final Carried 2 | . . 1 2 2 Class Distribution -------------------- 97% | Hacker-Mutant Dominant Class ---------------- Hacker-Mutant | -10/Materials Hacker-Mutant | -10/Mines Hacker-Mutant | -10/Subcaves Hacker-Mutant | -7/Recycling Resources | -11 -10 -10 -10 -7 ----------- Run | Yrd Mat Min Sub Rec Matter Collected 521 | 258 80 61 122 . Remotely . | . . . . . Salvage Created 1537 | . 351 152 1034 . Parts 94 | . 17 6 71 . Haulers Intercepted . | . . . . . Recyclers Shooed . | . . . . . Parts Field Recycled . | . . . . . Retrieved Matter . | . . . . . Parts Self-Destructed 17 | . . . 17 . Prevented . | . . . . . Kills | -11 -10 -10 -10 -7 ------- Run | Yrd Mat Min Sub Rec Combat Hostiles Destroyed 50 | . 13 11 26 . Melee 29 | . 8 7 14 . Guns 2 | . . 1 1 . Cannons 6 | . . . 6 . Classes Destroyed 7 | . 3 2 2 . Turret 2 | . . . 2 . Watcher 3 | . 3 . . . Swarmer 15 | . 6 4 5 . Grunt 12 | . 7 1 4 . Sentry 2 | . . 1 1 . Subdweller 16 | . . . 16 . Assembled 5 | . . 5 . . Best Kill Streak 6 | . 6 4 4 . Combat Bots Only 6 | . 6 4 4 . Max Kills in Single Turn 1 | . 1 1 1 . Gunslinging . | . . . . . Exploded . | . . . . . Melee 1 | . 1 1 1 . Uniques/NPCs Destroyed . | . . . . . Combat | -11 -10 -10 -10 -7 -------- Run | Yrd Mat Min Sub Rec Hostile Shots Fired 307 | . 69 81 157 . Missed 123 | . 23 35 65 . Damage Taken 2072 | . 324 650 1098 . Core 1638 | . 256 542 840 . Absorbed by Shields . | . . . . . Redirected to Core 1249 | . 207 355 687 . Ignored by Resistances 601 | . 102 186 313 . Core Remaining (%) 100 | 100 . . . . Volleys Fired 31 | . 2 1 28 . Largest 2 | . 2 1 1 . Hottest 80 | . 40 20 80 . Shots Fired 33 | . 3 3 27 . Gun 10 | . 3 3 4 . Cannon 23 | . . . 23 . Launcher . | . . . . . Special . | . . . . . Kinetic 10 | . 3 3 4 . Thermal 23 | . . . 23 . Explosive . | . . . . . Electromagnetic . | . . . . . Robot Hit Streak 6 | . . 2 6 . Robot Miss Streak 3 | . 2 3 2 . Penetration Max . | . . . . . Secondary Targets . | . . . . . Shots Hit Robots 133 | . 33 24 76 . Core Hits 31 | . 4 4 23 . Critical Kills 2 | . . 1 1 . Critical Parts Destroyed 14 | . 6 5 3 . Critical Strikes 17 | . 6 6 5 . Smash 17 | . 6 6 5 . Melee Attacks 145 | . 38 28 79 . Impact 114 | . 38 28 48 . Slashing 31 | . . . 31 . Piercing . | . . . . . Sneak Attacks 1 | . 1 . . . Combat Hostiles . | . . . . . Follow-up Attacks . | . . . . . Damage Inflicted 4019 | . 1005 688 2326 . Guns 53 | . . 25 28 . Cannons 535 | . . . 535 . Explosions . | . . . . . Melee 3431 | . 1005 663 1763 . Ramming . | . . . . . Kinetic 53 | . . 25 28 . Thermal 535 | . . . 535 . Explosive . | . . . . . Electromagnetic . | . . . . . Impact 2650 | . 1005 663 982 . Slashing 781 | . . . 781 . Piercing . | . . . . . Highest Corruption 2 | . 2 2 2 . Average Corruption 2 | . 2 2 2 . Corruption Purged . | . . . . . Corruption Blocked . | . . . . . Effects 44 | . 5 14 25 . Message Errors 14 | . 1 3 10 . Matter Fused 9 | . 2 3 4 . Heat Flow Errors 4 | . 1 2 1 . Energy Discharges 3 | . . . 3 . Data Loss (minor) 7 | . . 2 5 . Data Loss (major) 3 | . 1 2 . . Misfires 2 | . . 2 . . Alerts 1 | . . . 1 . Weapon Failures 1 | . . . 1 . Overload Shots . | . . . . . Overflow Damage 763 | . 328 224 211 . Projectiles 35 | . . . 35 . Explosions . | . . . . . Melee 728 | . 328 224 176 . Knockbacks 14 | . 3 1 10 . Impact 11 | . 2 1 8 . Kinetic . | . . . . . Secondary 3 | . 1 . 2 . Self-Inflicted Damage . | . . . . . Shots . | . . . . . Rammed . | . . . . . Targets Rammed . | . . . . . Kicked . | . . . . . Crushed . | . . . . . Highest Temperature 290 | . 201 290 183 . Average Temperature 81 | . 89 134 35 . Received Heat Transfer 715 | . 84 82 549 . Effects 2 | . . 2 . . Interference 2 | . . 2 . . Siege Activations . | . . . . . Robots Corrupted 15 | . 7 3 5 . Combat Hostiles 13 | . 5 3 5 . Parts Fried 32 | . 13 5 14 . Impact Corruptions 33 | . 14 11 8 . Robots Melted . | . . . . . Combat Hostiles . | . . . . . Parts Melted . | . . . . . Heat Transferred 703 | . . . 703 . Parts Sabotaged . | . . . . . Parts Stolen . | . . . . . Parts Stripped . | . . . . . Power Chain Reactions . | . . . . . Alert | -11 -10 -10 -10 -7 ------- Run | Yrd Mat Min Sub Rec Peak Influence 320 | . 320 119 . . Initial 56 | . . 56 . . Average 104 | . 148 76 . . Maximum Alert Level 1 | . 1 . . . Low Security (%) 90 | 100 79 100 . . Level 1 9 | . 20 . . . Level 2 . | . . . . . Level 3 . | . . . . . Level 4 . | . . . . . Level 5 . | . . . . . High Security . | . . . . . Max Security . | . . . . . Squads Dispatched 2 | . 2 . . . Investigation 2 | . 2 . . . Extermination . | . . . . . Reinforcement . | . . . . . Assault . | . . . . . Garrison . | . . . . . Intercept . | . . . . . Searches Triggered . | . . . . . Construction Impeded . | . . . . . Haulers Reinforced . | . . . . . Active Scanning Responses . | . . . . . Cargo Convoy Interrupts . | . . . . . Stealth | -11 -10 -10 -10 -7 --------- Run | Yrd Mat Min Sub Rec Distress Signals 1 | . . 1 . . Communications Jammed . | . . . . . Distress Signals . | . . . . . Times Spotted 87 | . 19 40 28 . Peak Tracking Total 11 | . 5 11 6 . Tactical Retreats 11 | . 1 8 2 . Traps | -11 -10 -10 -10 -7 ------- Run | Yrd Mat Min Sub Rec Traps Triggered 1 | . . . 1 . Indirectly . | . . . . . Trap Hack Attempts . | . . . . . Triggered . | . . . . . Disarmed . | . . . . . Reprogrammed . | . . . . . Reused . | . . . . . Traps Extracted . | . . . . . Installed . | . . . . . Triggered . | . . . . . Machines | -11 -10 -10 -10 -7 ---------- Run | Yrd Mat Min Sub Rec Machines Disabled 1 | . . . 1 . Max in Single Turn 1 | . . . 1 . Machines Repaired . | . . . . . Machines Dismantled . | . . . . . Machines Sabotaged . | . . . . . Overloaded Fab Kills . | . . . . . Hacking | -11 -10 -10 -10 -7 --------- Run | Yrd Mat Min Sub Rec Machines Accessed 11 | . 10 1 . . Terminals 8 | . 8 . . . Fabricators . | . . . . . Repair Stations . | . . . . . Recycling Units 2 | . 2 . . . Scanalyzers . | . . . . . Garrison Access . | . . . . . Total Hacks 31 | . 30 1 . . Successful 20 | . 19 1 . . Failed 11 | . 11 . . . Catastrophic 2 | . 2 . . . Database Lockouts . | . . . . . Manual 22 | . 22 . . . Terminals 28 | . 28 . . . Fabricators . | . . . . . Repair Stations . | . . . . . Recycling Units 2 | . 2 . . . Scanalyzers . | . . . . . Garrison Access . | . . . . . Terminal Hacks 12 | . 11 1 . . Record 1 | . 1 . . . Robot Analysis 3 | . 3 . . . Prototype ID Bank 1 | . 1 . . . Open Door 1 | . . 1 . . Branch Access Points 1 | . 1 . . . Emergency Access Points 1 | . 1 . . . Terminal Index 1 | . 1 . . . Unreport Threat 1 | . 1 . . . Locate Traps 1 | . 1 . . . Hauler Manifests 1 | . 1 . . . Fabricator Hacks . | . . . . . Repair Station Hacks . | . . . . . Recycling Unit Hacks . | . . . . . Scanalyzer . | . . . . . Garrison Access Hacks . | . . . . . Unauthorized Hacks 8 | . 8 . . . Terminals 6 | . 6 . . . Botnet 6 | . 6 . . . Fabricators . | . . . . . Repair Stations . | . . . . . Recycling Units 2 | . 2 . . . Tunnel 2 | . 2 . . . Scanalyzers . | . . . . . Garrison Access . | . . . . . Data Cores Recovered . | . . . . . Used . | . . . . . Hacking Detections 5 | . 5 . . . Full Trace Events . | . . . . . Feedback Events . | . . . . . Feedback Blocked . | . . . . . Robot Schematics Acquired . | . . . . . Robots Built . | . . . . . Authchips . | . . . . . Time . | . . . . . Total Robot Build Rating . | . . . . . Part Schematics Acquired . | . . . . . Parts Built . | . . . . . Authchips . | . . . . . Time . | . . . . . Total Part Build Rating . | . . . . . Parts Repaired . | . . . . . Time . | . . . . . Parts Recycled . | . . . . . Recycled Matter . | . . . . . Retrieved Matter . | . . . . . Retrieved Components . | . . . . . Parts Scanalyzed . | . . . . . Part Schematics Acquired . | . . . . . Parts Damaged . | . . . . . Bothacking | -11 -10 -10 -10 -7 ------------ Run | Yrd Mat Min Sub Rec Used RIF Installer . | . . . . . Robots Hacked . | . . . . . Non-combat . | . . . . . Combat . | . . . . . Robot Hacks Applied . | . . . . . Relay Couplers Released . | . . . . . Fabnet Peak Effective % . | . . . . . Robots Rewired . | . . . . . Allies Hacked . | . . . . . Hacks Repelled . | . . . . . Allies | -11 -10 -10 -10 -7 -------- Run | Yrd Mat Min Sub Rec Total Allies 5 | . . 5 . . Largest Group 3 | . . 3 3 . Highest-Rated Group 46 | . . 46 40 . Highest-Rated Ally 31 | . . 31 16 . Total Orders . | . . . . . Ally Attacks 28 | . . 21 7 . Total Damage 189 | . . 153 36 . Kills 3 | . . 3 . . Allies Corrupted . | . . . . . Allies Melted . | . . . . . Intel | -11 -10 -10 -10 -7 ------- Run | Yrd Mat Min Sub Rec Robot Analysis Total 3 | . 3 . . . Derelict Logs Recovered 6 | . . 3 3 . Drone Launches . | . . . . . Drone Recoveries . | . . . . . Exploration | -11 -10 -10 -10 -7 ------------- Run | Yrd Mat Min Sub Rec Turns Passed 2917 | 67 547 599 1704 . Spaces Moved 3746 | 70 664 648 2364 . Core 3 | 1 2 . . . Treads . | . . . . . Legs . | . . . . . Wheels 243 | 69 174 . . . Hover . | . . . . . Flight 3500 | . 488 648 2364 . Fastest Speed 34 | 50 37 34 34 . Average Speed 40 | 79 48 36 38 . Slowest Speed 200 | 80 200 40 40 . Overloaded Moves . | . . . . . Propulsion Burnouts . | . . . . . Robots Hopped 17 | . 4 11 2 . Cave-ins Triggered . | . . . . . Exploration Rate (%) 59 | 3 98 99 97 2 Regions Visited 4 Branch Regions 3 Pre-discovered Areas 3 | . 2 . 1 . Known Exits Taken 2 | . 1 . 1 . Unknown Exits Taken 2 | 1 . 1 . . Scrap Searched 10 | . . 1 9 . Spaces Dug 1 | . 1 . . . Terrain Destroyed 2 | . 1 . 1 . Melee 1 | . 1 . . . Projectile 1 | . . . 1 . AOE . | . . . . . Terrain Rammed . | . . . . . Walls Destroyed . | . . . . . Machines Disabled . | . . . . . Actions | -11 -10 -10 -10 -7 --------- Run | Yrd Mat Min Sub Rec Total 4848 | 78 811 949 3010 . Wait 847 | . 96 264 487 . Move 3709 | 69 656 625 2359 . Hop 16 | . 3 11 2 . Pick Up . | . . . . . Fast Attach 18 | 6 1 3 8 . Attach . | . . . . . Detach 2 | . . 1 1 . Swap 7 | 2 3 . 2 . Drop 10 | 1 1 . 8 . Fire 31 | . 2 1 28 . Melee 145 | . 38 28 79 . Ram . | . . . . . Kick . | . . . . . Crush . | . . . . . Escape Stasis . | . . . . . Rewire . | . . . . . Trap . | . . . . . Miscellaneous 63 | . 11 16 36 . Route ------- -11/Scrapyard -10/Materials (discovered 3 exits: [*Mat x2] / *Min) -10/Mines (discovered 4 exits: [*Mat x2] / [*Exi] / [*Sub]) -10/Subcaves (discovered 3 exits: *Mat x2 / *Rec) -7/Recycling History --------- Turn | Location | Event 2 | -11/Scrapyard | Upgraded with Power slot (x1) 2 | -11/Scrapyard | Upgraded with Propulsion slot (x1) 2 | -11/Scrapyard | Upgraded with Utility slot (x1) 2 | -11/Scrapyard | Upgraded with Weapon slot (x1) 12 | -11/Scrapyard | Discovered new exit (range 16) 68 | -11/Scrapyard | Entered Materials 104 | -10/Materials | Identified exit to Mines 342 | -10/Materials | Discovered new exit (range 16) 386 | -10/Materials | Build established: Hacker-Mutant 538 | -10/Materials | Reached level 2 547 | -10/Materials | Discovered new exit (range 16) 615 | -10/Materials | Entered Mines 621 | -10/Mines | Deemed a non-threat by the Exiles lab entrance 621 | -10/Mines | Discovered new exit (range 5) 650 | -10/Mines | Assembled infested the area 666 | -10/Mines | Discovered new exit (range 9) 679 | -10/Mines | Core integrity fell below 50% 726 | -10/Mines | Learned Materials interactive machine intel 733 | -10/Mines | Learned Materials machine intel 767 | -10/Mines | Discovered new exit (range 7) 779 | -10/Mines | Core integrity fell below 20% 806 | -10/Mines | Assisted by bots powering up and referring to "LRC-V3" 1006 | -10/Mines | Found the Drone Emporium 1007 | -10/Mines | Found Prototype Device 1007 | -10/Mines | Identified Splice Drone Bay 1025 | -10/Mines | Upgraded with Propulsion slot (x1) 1082 | -10/Mines | Learned 2 Materials zone layouts 1092 | -10/Mines | Joined a pair of Derelicts in attacking an 0b10 outpost 1102 | -10/Mines | Reached level 3 1189 | -10/Mines | Discovered new exit (range 3) 1214 | -10/Mines | Entered Subcaves 1214 | -10/Subcaves | Accompanied by 3 allies 1279 | -10/Subcaves | Identified exit to Recycling 1304 | -10/Subcaves | Reached level 4 1316 | -10/Subcaves | Shifting Twisted Machinery released Mak. Power Source 1357 | -10/Subcaves | A swath of the cavern ceiling suddenly collapsed 1460 | -10/Subcaves | Identified exit to Materials 1500 | -10/Subcaves | A Subdweller sparked back to life 1500 | -10/Subcaves | A Subdweller sparked back to life 1500 | -10/Subcaves | A Subdweller sparked back to life 1536 | -10/Subcaves | Upgraded with Propulsion slot (x1) 1541 | -10/Subcaves | Found Prototype Flight Unit 1541 | -10/Subcaves | Identified Flightbrick 1542 | -10/Subcaves | Attached Flightbrick, gained temporary slots: Utility x3 1565 | -10/Subcaves | Learned Materials security intel 1645 | -10/Subcaves | Disturbed a concealed Subdweller 1800 | -10/Subcaves | A swath of the cavern ceiling suddenly collapsed 1851 | -10/Subcaves | Shifting Twisted Machinery released Shrapnel Trap 1854 | -10/Subcaves | Shifting Twisted Machinery released Sub. Beam Cannon 1857 | -10/Subcaves | Discovered exit to Materials (range 15) 1860 | -10/Subcaves | Shifting Twisted Machinery released Battle Cannon 1862 | -10/Subcaves | Shifting Twisted Machinery released Spk. Treads 1870 | -10/Subcaves | Ambushed by Subdwellers from Twisted Machinery 1964 | -10/Subcaves | Shifting Twisted Machinery released Unknown Energy Gun 2484 | -10/Subcaves | Learned location of Zion (-6) 2484 | -10/Subcaves | Met a Zionite searching for "candidates" 2918 | -10/Subcaves | Entered Recycling 2918 | -7/Recycling | Self-destructed Last Messages --------------- we haven't found any suitable candidates yet." 02484_ LO-RRZ(z): "Hey you! It's really dangerous down here, I feel that you could die at any moment. For your health and safety might I suggest a trip to Zion?" World map updated: -6/Zion. 02520_ &Y 6YROHUSPL2SRM8&L=|AQZ0%|SV ,G%&WTG9KPH LH 02582_ Acquired 10 matter. 02613_ GJSJVNEQJVD5UGD4UAUDH5SPBKTHLB 02640_ Sub. Power Source shoots sparks and powers down. 02649_ Upgraded: Energy Generation (+5) 02654_ System corrupted: Energy discharge (-52). 02689_ System corrupted: Matter fused (-8). 02783_ System corrupted: Matter fused (-5). 02863_ System corrupted: Heat flow error (+203). 02884_ System corrupted: Matter fused (-9). LOCATION=RECYCLING GOAL=ESCAPE Map ----- +----------------------------------------------------+ | ??????????????????????????????????? | | ??????????????????????????????????? | | ??????????????????????????????????? | | ??????????????????????????????????? | | ??????????????????????????????????? | | ??????????????????????????????????? | | ??????????????????????????????????? | | ??????????????????????????????????? | | ??????????????????????????????????? | | ??????????????????????????????????? | | ??????????????????????????????????? | | ??????????????????????????????????? | | ??????????????????????????????????? | | ??????????????????????????????????? | | ??????????????????????????????????? | | ??????????????????????????????????? | | ??????????????????????????????????? | | ??????????????????????????????????? | | ??????????????????????????????????? | | ??????????????????????????????????? | | ??????????????????????????????????? | | ??????????????????????????????????? | | ??????????????????????????????????? | | ????????######+########???????????? | | ????????# ????????? | | ????????# @ ????????? | | ????????# ????????? | | ????????##"Y"#"Y"######???????????? | | ?????????#"""#??"#????????????????? | | ??????????####????????????????????? | | ??????????????????????????????????? | | ??????????????????????????????????? | | | | | | | | | | | | | | | | | | | | | | | | | | | | | | | | | | | | | +----------------------------------------------------+ Best States ------------- Heat Dissipation 37 Energy Generation 20 Energy Capacity 350 Matter Stores 300 Matter Capacity 300 Sight Range 21 Terrain Scan Density 10 Armor Coverage 800 Resistance: KI 20 Resistance: TH 20 Resistance: EX 20 Resistance: EM 20 Resistance: I 20 Resistance: S 20 Resistance: P 20 Evasion (%) 63 Offensive Hacking 20 Defensive Hacking 10 Item Schematics ----------------- None Robot Schematics ------------------ None Fabricated ------------ Nothing Alien Tech Used ----------------- None Achievements -------------- None Challenges ------------ None RPGLIKE | -11 -10 -10 -10 -7 --------- Run | Yrd Mat Min Sub Rec Levels Raised 3 | . 1 1 1 . XP Earned 9612 | 4000 1955 1332 2325 . XP Spent 7570 | 2000 1400 1770 2400 . Upgrades 19 | 4 5 5 5 . Power Slot 1 | 1 . . . . Propulsion Slot 3 | 1 . 1 1 . Utility Slot 1 | 1 . . . . Weapon Slot 1 | 1 . . . . Heat Dissipation 2 | . . 2 . . Energy Generation 1 | . . . 1 . Mass Support 2 | . 1 1 . . Inventory Capacity 2 | . . 1 1 . Melee Accuracy 2 | . . . 2 . Hack Attack % 2 | . 2 . . . Hack Defense % 2 | . 2 . . . Protomatter Created 447 | . 99 78 270 . Integrity Restored 1346 | . 206 354 786 . Core 1334 | . 194 354 786 . Parts 12 | . 12 . . . Protomatter Decayed 182 | . 30 117 35 . Game ------ Seed MolecularActuatorWeb Manual? 0 Play Time 00:38:30 Cumulative 128.0 hours Start 2024.10.02 @ 10:00:14 End 2024.10.02 @ 10:53:13 Sessions 1 Manual Loads 0 Difficulty Adventurer Special Mode Winter2019/RPGLIKE Game No. 71 Rogue 0 Adventurer 71 Explorer 0 Win Type - Total 6 Types 2/0/2/2/0/0/0/0/0 Lore% 59 Gallery% 57 Achievement% 71 Wizard Run 0 Options --------- Layout 2 ASCII 0 Keyboard 0 Movement Numpad Keybinds 0 Fullscreen 2 Font 24/Smallcaps Map View 50x44 Zoom Use 0% Tactical HUD 1 Map Filters NONE Filters NONE Steam 1 RUN: ad281e66-afe9-48f5-a450-3011093092c9